 Dungeon Sprint DCSS version 0.32-a0-779-g362cfcae2a (webtiles) character file.

Game seed: 8739017026131985311

29 rocky1 the Slasher (level 3, 0/28 HPs)
             Began as a Coglin Gladiator on Mar 19, 2024.
             Slain by an iguana (10 damage)
             ... in the Dungeon (Sprint IX: "|||||||||||||||||||||||||||||").
             The game lasted 00:00:38 (252 turns).

rocky1 the Slasher (Coglin Gladiator)                Turns: 252, Time: 00:00:39

Health: 0/28       AC:  4    Str: 14    XL:     3   Next: 16%
Magic:  3/3        EV: 12    Int:  7    God:
Gold:   0          SH:  0    Dex: 17    Spells: 2/2 levels left

rFire   . . .        a - +0 long sword {Nefertari}
rCold   . . .        f - +0 dagger {Arsinoe}
rNeg    . . .        b - +0 leather armour
rPois   .            c - +0 helmet
rElec   .            (no cloak)
rCorr   .            (no gloves)
SInv    .            (no boots)
Will    .....        (amulet unavailable)
Stlth   +            (ring unavailable)
HPRegen 0.24/turn    (ring unavailable)
MPRegen 0.08/turn    (no gizmo)

%: no teleportation
@: revved
A: off-hand wielding, slow wielding, warmup strikes, no jewellery
a: Invent Gizmo


You were in the Dungeon.
You visited 1 branch

Inventory:

Hand Weapons
 a - a +0 long sword (weapon) {Nefertari}
 f - a +0 dagger (offhand) {Arsinoe}
Missiles
 d - 3 throwing nets (quivered)
 e - a javelin
Armour
 b - a +0 leather armour (worn)
 c - a +0 helmet (worn)
Scrolls
 l - a scroll of blinking
Potions
 g - a potion of curing
 i - a potion of haste
 j - 2 potions of magic
 k - a potion of berserk rage


   Skills:
 + Level 2.5 Fighting
 + Level 0.2(2.6) Short Blades
 + Level 4.8 Long Blades
 + Level 2.2 Throwing
 + Level 0.9 Armour
 + Level 4.2 Dodging
 + Level 0.1 Stealth


You had 2 spell levels left.
You didn't know any spells.
Your spell library was empty.

Dungeon Overview and Level Annotations

Branches:
Dungeon (1/1)

Altars:


Innate Abilities, Weirdness & Mutations

You can wield a second weapon in your off-hand.
It takes a long time for you to wield or remove held weapons.
Your first few attacks do less damage.
You cannot equip rings or amulets.


Message History

You hit the iguana but do no damage. The iguana closely misses you.
You hit the iguana with your +0 dagger.
The iguana is moderately wounded.
You barely miss the iguana with your +0 long sword.
The iguana bites you!
Ouch! That really hurt!
* * * LOW HITPOINT WARNING * * *
You hit the iguana but do no damage.
The iguana is moderately wounded.
You slash the iguana with your +0 long sword!
The iguana closely misses you.
You barely miss the iguana with your +0 dagger.
The iguana is severely wounded.
You hit the iguana with your +0 long sword.
You kill the iguana!
Your Long Blades skill increases to level 4!
Your Throwing skill increases to level 2!
Your Dodging skill increases to level 4!
You have reached level 2!
You have reached level 3!
Your experience leads to an increase in your attributes!
Increase (S)trength, (I)ntelligence, or (D)exterity?
You feel agile. x2
Your brain swirls with designs for a recursive geosprocket.
You just need some more time...
Unknown command.
You feel much better. The iguana bites you!
Unknown command.
You hit the iguana but do no damage. x2; The iguana misses you.
You hit the iguana with your +0 long sword.
The iguana is moderately wounded.
You completely miss the iguana with your +0 dagger.
The iguana bites you!
You hit the iguana but do no damage.
The iguana is moderately wounded.
You slash the iguana with your +0 long sword!
The iguana closely misses you.
You hit the iguana with your +0 dagger.
The iguana is almost dead.
You hit the iguana but do no damage. The iguana bites you!
You die...

▓.▓
▓.▓
▓)▓
▓)▓
▓)▓
▓÷▓
▓.▓
▓.▓
▓@▓
▓l▓
▓g▓
▓O▓
▓h▓
▓.▓
▓+▓


You could see an ogre, a gnoll bouda, an iguana and a hound.

Vanquished Creatures
  An iguana (D)
  A bat (D)
  A goblin (D)
  2 kobolds (D)
  A rat (D)
6 creatures vanquished.

Notes
Turn   | Place    | Note
-------+----------+-------------------------------------------
     0 | D        | rocky1 the Coglin Gladiator began the quest for the Orb.
     0 | D        | Reached XP level 1. HP: 16/16 MP: 1/1
   241 | D        | Noticed an iguana
   241 | D        | Noticed an iguana
   241 | D        | Noticed a gnoll bouda
   241 | D        | Noticed an ogre
   241 | D        | Noticed a hound
   247 | D        | Killed an iguana
   248 | D        | Reached XP level 2. HP: 3/23 MP: 2/2
   248 | D        | Reached XP level 3. HP: 4/28 MP: 3/3
   252 | D        | Slain by an iguana

Illustrated notes

Levels and vault maps discovered:
D:        linesprint [early_d, line_temple, items_1, d_10, items_2, lair_1,
          lair_end, items_3, orc_1, orc_end, items_4, d_15, swamp_1, shoals_1,
          snake_1, spider_1, d_20, vaults_1, items_5, swamp_end, shoals_end,
          snake_end, spider_end, vaults_end, d_27, items_6, zot_1, zot_end,
          crypt_end, forest_end, elf_end, slime_end, tomb_end, abyss_end,
          pan_hell_end]

Skill      XL: |  1 |
---------------+----+-----
Dodging        | 4 |  4.2
Long Blades    | 4 |  4.8
Throwing       | 2 |  2.2
Fighting       | |  2.5
Short Blades   | |  0.2
Armour         | |  0.9
Stealth        | |  0.1

Action                     || total
---------------------------++-------
  Melee: Dagger            ||    14
         Long sword        ||    14
    Use: Potion            ||     1
 Armour: Leather armour    ||    11
  Dodge: Dodged            ||     6

Table legend: (Time is in decaauts)
 A = Elapsed time spent in this place.
 B = Non-inter-level travel time spent in this place.
 C = Inter-level travel time spent in this place.
 D = Time resting spent in this place.
 E = Time spent auto-exploring this place.
 F = Levels seen in this place.
 G = Mean time per level.
                   A        B        C        D        E       F      G
               +--------+--------+--------+--------+--------+-----+--------+
         Total |    252 |    252 |      0 |    225 |      0 |   1 |  252.0 |
       Dungeon |    252 |    252 |      0 |    225 |      0 |   1 |  252.0 |
               +--------+--------+--------+--------+--------+-----+--------+

Top non-repeatable levels by time:
       D: 252 daAuts
